 Dungeon Crawl Stone Soup version 0.28-a0-683-ga8797d1ae1 (webtiles) character file.

Game seed: 18376784334403545761

591 mordus the Shield-Bearer (level 7, -11/52 HPs)
             Began as a Formicid Fighter on Oct 18, 2021.
             Mangled by Prince Ribbit (15 damage)
             ... on level 6 of the Dungeon.
             The game lasted 00:04:38 (3672 turns).

mordus the Shield-Bearer (Formicid Fighter)         Turns: 3672, Time: 00:04:38

Health: -11/52     AC:  7    Str: 23    XL:     7   Next: 66%
Magic:  7/7        EV:  9    Int:  7    God:
Gold:   103        SH:  5    Dex: 10    Spells: 6/6 levels left

rFire   . . .      SeeInvis +   a - +0 flail
rCold   . . .      Faith    .   c - +0 buckler
rNeg    . . .      Spirit   .   b - +0 scale mail
rPois   .          Reflect  .   (helmet unavailable)
rElec   .          Harm     .   (no cloak)
rCorr   .          Rampage  .   (no gloves)
Will    .....                   (no boots)
Stlth   ..........              (no amulet)
HPRegen 0.17/turn               (no ring)
MPRegen 0.10/turn               (no ring)

@: no status effects
A: permanent stasis, dig shafts and tunnels, antennae 3, four strong arms
a: Dig, Shaft Self


You were on level 6 of the Dungeon.
You visited 1 branch of the dungeon, and saw 4 of its levels.

You collected 103 gold pieces.

Inventory:

Hand Weapons
 a - a +0 flail (weapon)
Armour
 b - a +0 scale mail (worn)
 c - a +0 buckler (worn)
Scrolls
 e - 2 scrolls of magic mapping {unknown}
 f - 2 scrolls of teleportation {unknown}
 g - a scroll of vulnerability {unknown}
 i - 2 scrolls of enchant weapon {unknown}
 j - a scroll of holy word {unknown}
 k - a scroll of immolation {unknown}
 m - a scroll of fog {unknown}
Potions
 d - a potion of might


   Skills:
 - Level 3.2 Fighting
 * Level 5.7 Maces & Flails
 + Level 5.3 Armour
 + Level 5.8 Shields


You had 6 spell levels left.
You didn't know any spells.
Your spell library contained the following spells:

 Spells                   Type           Power      Damage    Failure   Level
 Foxfire                  Conj/Fire      0%         2x1d4     73%         1
 Ensorcelled Hibernation  Hex/Ice        0%         N/A       86%         2
 Sublimation of Blood     Necr           0%         N/A       86%         2
 Wereblood                Tmut           0%         N/A       86%         2
 Conjure Flame            Conj/Fire      0%         6-21      97%         3
 Inner Flame              Hex/Fire       0%         N/A       97%         3
 Spider Form              Tmut/Pois      0%         N/A       97%         3
 Flame Wave               Conj/Fire      0%         3d3       100%        4
 Summon Hydra             Summ           0%         N/A       100%        7


Dungeon Overview and Level Annotations

Branches:
Dungeon (3/15)

Altars:

Annotations:
D:6 Prince Ribbit


Innate Abilities, Weirdness & Mutations

You cannot be hasted, slowed, berserked, paralysed or teleported.
You can dig through walls and to a lower floor.
You have a pair of large antennae on your head. (SInv)
Your four strong arms can wield two-handed weapons with a shield.


Message History

Prince Ribbit croaks.
Prince Ribbit blinks!
Prince Ribbit hits you but does no damage.
You miss Prince Ribbit.
Prince Ribbit hits you but does no damage.
You miss Prince Ribbit. You block Prince Ribbit's attack.
Prince Ribbit hits you.
You miss Prince Ribbit. Prince Ribbit hits you.
You closely miss Prince Ribbit.
Prince Ribbit hits you but does no damage. x2
You thump Prince Ribbit!
Prince Ribbit is moderately wounded.
Prince Ribbit hits you but does no damage.
Prince Ribbit hits you!
* * * LOW HITPOINT WARNING * * *
You completely miss Prince Ribbit.
Prince Ribbit is moderately wounded.
Prince Ribbit hits you but does no damage.
You sock Prince Ribbit!
Prince Ribbit is severely wounded.
Your transformation is almost over.
Prince Ribbit hits you!
* * * LOW HITPOINT WARNING * * *
Prince Ribbit blinks!
You cannot move.
You cannot move.
You cannot move.
Prince Ribbit blinks!
Prince Ribbit hits you but does no damage.
You sock Prince Ribbit!
Prince Ribbit is almost dead.
Prince Ribbit blinks!
Prince Ribbit blinks!
You feel less wooden.
Your +0 scale mail unmelds from your body.
Prince Ribbit blinks!
Prince Ribbit blinks!
Prince Ribbit hops awkwardly around.
Prince Ribbit hits you!
You die...

######
#....#.###
###+#.........
#.....†#
#......#
#..)...#
###.#..#
#F#..# #@####
#)# #.#
######.# {
#......#
+......#
#......# ####.
#......#......
#............#


You could see Prince Ribbit.

Vanquished Creatures
  Menkaure (D:6)
  An ogre (D:6)
  A necrophage (D:6)
  A centaur (D:6)
  An orc priest (D:3)
  Natasha (D:3)
  An orc wizard (D:3)
  4 gnolls
  4 adders (D:2)
  A white imp (D:6)
  4 worms
  A dart slug (D:1)
  2 orcs (D:3)
  3 ball pythons
  2 endoplasms
  A giant cockroach (D:3)
  3 goblins
  8 hobgoblins
  4 kobolds
  2 quokkas
  3 bats
  A frilled lizard (D:1)
  8 rats (D:1)
58 creatures vanquished.

Notes
Turn   | Place    | Note
-------+----------+-------------------------------------------
     0 | D:1      | mordus the Formicid Fighter began the quest for the Orb.
     0 | D:1      | Reached XP level 1. HP: 18/18 MP: 1/1
    95 | D:1      | Reached XP level 2. HP: 22/24 MP: 2/2
   540 | D:1      | Reached XP level 3. HP: 27/29 MP: 3/3
   606 | D:1      | You fall into a shaft and drop 1 floor!
  1078 | D:2      | Reached XP level 4. HP: 25/35 MP: 4/4
  1189 | D:2      | Found a faded altar of an unknown god.
  1206 | D:2      | Found a faded altar of an unknown god.
  2195 | D:3      | Reached XP level 5. HP: 9/41 MP: 5/5
  3108 | D:3      | Reached XP level 6. HP: 34/47 MP: 6/6
  3231 | D:3      | Noticed Natasha
  3237 | D:3      | Killed Natasha
  3285 | D:3      | You fall into a shaft and drop 3 floors!
  3299 | D:6      | Reached skill level 5 in Shields
  3592 | D:6      | Noticed a necrophage
  3602 | D:6      | Killed a necrophage
  3603 | D:6      | Reached skill level 5 in Maces & Flails
  3603 | D:6      | Reached XP level 7. HP: 48/52 MP: 7/7
  3615 | D:6      | Noticed Menkaure
  3632 | D:6      | Killed Menkaure
  3633 | D:6      | Reached skill level 5 in Armour
  3643 | D:6      | Noticed Prince Ribbit
  3659 | D:6      | HP: 3/78 [Prince Ribbit (10)]
  3672 | D:6      | Mangled by Prince Ribbit

Illustrated notes

Levels and vault maps discovered:
D:1:      dpeg_arrival_ratfight, layout_rooms
D:2:      layout_basic, hellmonk_ecumenical_altar_the_god_not_taken
D:3:      minmay_octagon_keep, layout_basic, uniq_natasha
D:6:      layout_basic, cheibrodos_sewer_entry_drain, minmay_crystal_water,
          uniq_prince_ribbit1, uniq_menkaure

Skill      XL: |  1  2  3  4  5  6  7 |
---------------+----------------------+-----
Shields        | 4 5 |  5.8
Maces & Flails | 3 4 5 |  5.7
Armour         | 4 5 |  5.3
Fighting       | |  3.2

Action                   |  1- 3 |  4- 6 |  7- 9 || total
-------------------------+-------+-------+-------++-------
Melee: Flail             |   120 |   111 |    21 ||   252
 Abil: Shaft Self        |       |     1 |       ||     1
  Use: Potion            |       |     2 |     2 ||     4
Armor: Scale mail        |    54 |    50 |       ||   104
       Skin              |       |       |    11 ||    11
Dodge: Dodged            |    62 |    59 |       ||   121
Block: Buckler           |    26 |    43 |     1 ||    70

Table legend: (Time is in decaauts)
 A = Elapsed time spent in this place.
 B = Non-inter-level travel time spent in this place.
 C = Inter-level travel time spent in this place.
 D = Time resting spent in this place.
 E = Time spent auto-exploring this place.
 F = Levels seen in this place.
 G = Mean time per level.
                   A        B        C        D        E       F      G
               +--------+--------+--------+--------+--------+-----+--------+
         Total |   3732 |   3732 |      0 |    856 |   2193 |   4 |  933.0 |
       Dungeon |   3732 |   3732 |      0 |    856 |   2193 |   4 |  933.0 |
               +--------+--------+--------+--------+--------+-----+--------+

Top non-repeatable levels by time:
     D:2: 1730 daAuts
     D:3: 809 daAuts
     D:1: 800 daAuts
     D:6: 392 daAuts
